 Dungeon Crawl Stone Soup version 0.14-a0-1168-gf5005bf (webtiles) character file.

1104 Mitsuki the Magician (level 7, -1/30 HPs)
             Began as a Spriggan Wizard on Nov 29, 2013.
             Was an Initiate of Kikubaaqudgha.
             Slain by a wight
             ... wielding a +2,+2 great sword
              (4 damage)
             ... on Level 6 of the Dungeon.
             The game lasted 01:50:37 (10314 turns).

Mitsuki the Magician (Spriggan Wizard)             Turns: 10314, Time: 01:51:07

HP  -1/30        AC  6     Str  4      XL: 7   Next: 73%
MP   3/25        EV 17     Int 21      God: Kikubaaqudgha [......]
Gold 234         SH  0     Dex 12      Spells:  7 memorised,  6 levels left

rFire  . . .     SeeInvis +     (no weapon)
rCold  . . .     Clarity  .     h - +2 robe {MR+}
rNeg   . . .     Conserve .     (shield restricted)
rPois  .         rCorr    .     b - +0 wizard hat
rElec  .         rRot     .     y - +0 cloak
SustAb . .       Spirit   .     (gloves unavailable)
rMut   .         Warding  .     (boots unavailable)
Saprov . . .     Stasis   .     (no amulet)
                                (no ring)
                                (no ring)

@: drained, very quick, quite resistant to hostile enchantments, stealthy
A: unfitting armour, molten scales 1, see invisible, clumsy 1, herbivore 3,
speed 3, slow metabolism 2
a: Renounce Religion


You were on level 6 of the Dungeon.
You worshipped Kikubaaqudgha.
Kikubaaqudgha was noncommittal.
You were full.

You visited 2 branches of the dungeon, and saw 8 of its levels.

You collected 273 gold pieces.
You spent 39 gold pieces at shops.

Inventory:

Hand weapons
 g - a +1,+1 bow of flame
Missiles
 m - 71 arrows
Armour
 b - a +0 wizard hat (worn)
 h - a +2 robe of magic resistance (worn)
 j - a +2 robe
 y - a +0 cloak (worn)
Magical devices
 l - a wand of fireball (3)
 x - a wand of draining (3)
Comestibles
 d - a bread ration
 t - an apple
Scrolls
 a - 3 scrolls of identify {unknown}
 n - 6 scrolls of remove curse
 q - a scroll of summoning
 r - a scroll of curse weapon
 w - 2 scrolls of teleportation
Potions
 e - a potion of speed
 f - a potion of agility
 i - 5 potions of curing
 k - a potion of poison
 u - a potion of might
Books
 c - a book of Minor Magic

   Spells                             Type                      Level
   *Magic Dart                        Conjuration                  1
   *Blink                             Translocation                2
   *Call Imp                          Summoning                    2
   *Repel Missiles                    Charms/Air                   2
   *Slow                              Hexes                        2
   *Conjure Flame                     Conjuration/Fire             3
   *Mephitic Cloud                    Conjuration/Poison/Air       3
Magical staves
 p - an uncursed staff of summoning


   Skills:
 - Level 0.2(0.0) Bows
 + Level 4.0(3.3) Dodging
 + Level 3.9(3.2) Stealth
 + Level 7.8(7.1) Spellcasting
 + Level 3.3(2.6) Conjurations
 + Level 2.1(1.5) Hexes
 - Level 0.8(0.2) Charms
 + Level 2.6(2.0) Summonings
 + Level 1.7(1.1) Translocations
 + Level 0.1(0.0) Fire Magic
 - Level 0.8(0.2) Air Magic
 - Level 0.4(0.0) Poison Magic


You had 6 spell levels left.
You knew the following spells:

 Your Spells              Type           Power        Failure   Level  Hunger
a - Magic Dart            Conj           ###.         2%          1    None
b - Blink                 Tloc           N/A          12%         2    None
c - Call Imp              Summ           ###.......   8%          2    None
d - Repel Missiles        Chrm/Air       #.........   12%         2    None
e - Slow                  Hex            ##......     10%         2    None
f - Mephitic Cloud        Conj/Pois/Air  ##......     21%         3    #......
g - Conjure Flame         Conj/Fire      ##......     17%         3    #......


Dungeon Overview and Level Annotations

Branches:
Dungeon (7/16)             Temple (1/1) D:5

Altars:
Ashenzari
Cheibriados
Elyvilon
Fedhas
Kikubaaqudgha
Makhleb
Nemelex Xobeh
Okawaru
Sif Muna
Trog
Vehumet
Xom
Yredelemnul
Zin
the Shining One

Shops:
D:5 ?


Innate Abilities, Weirdness & Mutations

You are tiny and cannot use many weapons and most armour.
You have supernaturally acute eyesight.
You are a herbivore.
You cover ground extremely quickly.
You need consume almost no food.
You are partially covered in molten scales (AC +1).
You are clumsy. (Dex -2)


Message History

The wight hits you with a great sword!
Casting: Magic Dart
Confirm with . or Enter, or press ? or * to list all spells.
Aiming: Magic Dart
Press: ? - help, Shift-Dir - straight line, f/p - wight
Aim: a wight, wielding a great sword and wearing a robe (heavily damaged)
The magic dart hits the wight.
The wight is heavily damaged.
Casting: Magic Dart
Confirm with . or Enter, or press ? or * to list all spells.
Aiming: Magic Dart
Press: ? - help, Shift-Dir - straight line, f/p - wight
Aim: a wight, wielding a great sword and wearing a robe (heavily damaged)
The magic dart hits the wight.
The wight is heavily damaged.
The wight hits you with a great sword!
* * * LOW HITPOINT WARNING * * *
You feel drained.
You die...
Kikubaaqudgha rasps: "You have failed me!
Welcome... death!"

#...........# #..........
#...........# #>.........
#...........#### ###########
#..............#
#......5.......##############
####.#.##...............##...
###.#.##...............##...
#......#..z............##...
#......#...@...........#....
#......#...............#....
#......#.................)..
#......#....................
#......#....................
#......#......#######......#
#......#......# #......#
###.#.##......# #....##.
#.#.######### #....##.


You could see a wight and a friendly crimson imp.

Vanquished Creatures
  2 centaurs
  A wight (D:6)
  A crimson imp (D:6)
  A hound (D:6)
  2 scorpions (D:5)
  5 orc wizards
  An iguana (D:6)
  A worker ant (D:6)
  Jessica (D:2)
  6 adders
  A giant mite (D:1)
  4 worms
  2 giant eyeballs (D:6)
  2 giant geckos (D:2)
  11 orcs
  4 giant cockroaches
  10 hobgoblins
  7 jackals
  A quokka (D:5)
  2 ball pythons
  10 bats
  13 giant newts
  12 goblins
  A hobgoblin skeleton (D:4)
  8 kobolds
  A kobold zombie (D:5)
  5 rats
  A bush (Temple)
116 creatures vanquished.

Vanquished Creatures (collateral kills)
  Sigmund (D:2)
  A centaur zombie (D:5)
  2 hounds
  A gnoll shaman (D:4)
  2 orc wizards (D:4)
  3 gnolls (D:4)
  An adder (D:3)
  A worm (D:5)
  An adder zombie (D:6)
  An iguana skeleton (D:5)
  An ooze (D:3)
  5 orcs
  3 hobgoblins
  3 kobolds
  A giant gecko (D:2)
  A goblin (D:3)
  2 rats (D:4)
30 creatures vanquished.

Vanquished Creatures (others)
  4 crimson imps
  2 orc wizards (D:5)
  3 white imps (D:6)
  A giant cockroach (D:5)
10 creatures vanquished.

Grand Total: 156 creatures vanquished

Notes
Turn   | Place    | Note
--------------------------------------------------------------
     0 | D:1      | Mitsuki, the Spriggan Wizard, began the quest for the Orb.
     0 | D:1      | Reached XP level 1. HP: 7/7 MP: 7/7
   261 | D:1      | Reached XP level 2. HP: 11/11 MP: 4/10
   311 | D:1      | Learned a level 2 spell: Blink
   314 | D:1      | Learned a level 2 spell: Call Imp
   317 | D:1      | Learned a level 2 spell: Repel Missiles
   320 | D:1      | Learned a level 2 spell: Slow
  1181 | D:1      | Reached skill level 1 in Summonings
  1321 | D:2      | Noticed Sigmund
  1392 | D:2      | Reached skill level 1 in Conjurations
  1603 | D:2      | Reached XP level 3. HP: 15/15 MP: 7/13
  1792 | D:2      | Killed Sigmund
  1792 | D:2      | Reached XP level 4. HP: 19/19 MP: 7/16
  1797 | D:2      | Learned a level 3 spell: Mephitic Cloud
  1960 | D:2      | Reached skill level 5 in Spellcasting
  1978 | D:2      | Noticed Jessica
  2022 | D:2      | Killed Jessica
  3138 | D:3      | Reached XP level 5. HP: 23/23 MP: 4/19
  3988 | D:4      | Reached skill level 1 in Hexes
  4022 | D:4      | Learned a level 3 spell: Conjure Flame
  4755 | D:4      | Reached skill level 6 in Spellcasting
  5288 | D:4      | Reached XP level 6. HP: 27/27 MP: 5/22
  6358 | D:5      | Entered Level 5 of the Dungeon
  6952 | D:5      | Reached XP level 7. HP: 30/30 MP: 15/24
  7058 | D:5      | Found Aceid's Magic Scroll Emporium.
  7328 | D:5      | Reached skill level 7 in Spellcasting
  7370 | D:5      | Bought a scroll of remove curse for 39 gold pieces
  7731 | D:5      | Found a staircase to the Ecumenical Temple.
  7829 | Temple   | Entered the Ecumenical Temple
  8618 | Temple   | Became a worshipper of Kikubaaqudgha
  9031 | D:6      | Paralysed by a giant eyeball for 2 turns
  9035 | D:6      | Paralysed by a giant eyeball for 4 turns
  9260 | D:6      | Gained mutation: You are partially covered in molten scales (AC +1). [potion of mutation]
  9260 | D:6      | Gained mutation: You are clumsy. (Dex -2) [potion of mutation]
  9331 | D:6      | Paralysed by a potion of paralysis for 4 turns
 10314 | D:6      | Slain by a wight

Action                   |  1- 3 |  4- 6 |  7- 9 || total
-------------------------+-------+-------+-------++-------
Melee: Hand axe          |       |     2 |       ||     2
       Staff             |       |       |   488 ||   488
 Fire: Bow               |       |       |     5 ||     5
 Cast: Magic Dart        |    70 |   275 |   117 ||   462
       Slow              |     2 |    14 |    10 ||    26
       Call Imp          |     4 |    38 |    18 ||    60
       Repel Missiles    |     2 |     6 |     3 ||    11
       Mephitic Cloud    |       |    17 |     5 ||    22
       Blink             |       |     4 |     1 ||     5
       Conjure Flame     |       |     8 |     1 ||     9
Evoke: Wand              |       |     2 |       ||     2
  Use: Scroll            |     3 |     7 |     2 ||    12
       Potion            |       |     8 |     4 ||    12
